 Dungeon Crawl Stone Soup version 0.20-a0-3-g334f831 (webtiles) character file.

193259 JeffiDaFish the Warrior (level 18, -2/119 HPs)
             Began as a Gargoyle Fighter on Oct 31, 2016.
             Was the Champion of Makhleb.
             Slain by a sea snake (11 damage)
             ... on level 1 of the Shoals.
             The game lasted 01:46:53 (27597 turns).

JeffiDaFish the Warrior (Gargoyle Fighter)         Turns: 27597, Time: 01:46:53

Health: -2/119     AC: 50    Str: 35      XL:     18   Next: 26%
Magic:  31/31      EV:  5    Int:  9      God:    Makhleb [******]
Gold:   1374       SH: 21    Dex: 10 (11) Spells: 2 memorised, 26 levels left

rFire  . . .     SeeInvis +     a - +6 rapier (venom)
rCold  . . .     Gourm    +     F - +3 crystal plate armour
rNeg   + . .     Faith    .     b - +0 large shield
rPois  ∞         Spirit   .     K - +2 hat {SInv}
rElec  +         Reflect  .     p - +1 cloak {+Inv}
rCorr  .         Harm     .     o - +2 pair of gloves
MR     +....                    O - +1 pair of boots
Stlth  ..........               h - amulet of the gourmand
                                d - +3 ring of strength
                                C - +6 ring of strength

@: flying, slowed, studying Armour, very slow
A: big wings, horns 1, deterioration 1, negative energy resistance 1, sense
surroundings 1, electricity resistance, slow regeneration 1, unbreathing,
petrification resistance, rot immunity, AC +13
a: Stop Flying, Minor Destruction, Lesser Servant of Makhleb, Major Destruction,
Greater Servant of Makhleb, Renounce Religion, Evoke Invisibility
}: 1/15 runes: serpentine


You were on level 1 of the Shoals.
You worshipped Makhleb.
Makhleb was exalted by your worship.
You were completely stuffed.

You visited 6 branches of the dungeon, and saw 30 of its levels.

You collected 2588 gold pieces.
You spent 1214 gold pieces at shops.

Inventory:

Hand Weapons
 a - a +6 rapier of venom (weapon)
Armour
 b - a +0 large shield (worn)
 o - a +2 pair of gloves (worn)
 p - a +1 cloak of invisibility (worn)
 F - a +3 crystal plate armour (worn)
 K - a +2 hat of see invisible (worn)
 O - a +1 pair of boots (worn)
Jewellery
 d - a +3 ring of strength (right hand)
 h - an amulet of the gourmand (around neck)
 B - an uncursed amulet of regeneration
 C - a +6 ring of strength (left hand)
Wands
 q - a wand of paralysis (13/24)
Scrolls
 c - 2 scrolls of teleportation
 e - 14 scrolls of identify
 k - 12 scrolls of remove curse
 S - 2 scrolls of brand weapon
Potions
 g - a potion of resistance
 s - a potion of flight
 w - 3 potions of brilliance
 x - 2 potions of ambrosia
 z - a potion of magic
 E - a potion of invisibility
Books
 m - a book of the Tempests

   Spells                             Type                      Level
   a - Static Discharge               Conjuration/Air              3
   b - Lightning Bolt                 Conjuration/Air              5
   c - Fireball                       Conjuration/Fire             5
   d - Tornado                        Air                          9
   e - Shatter                        Earth                        9
 t - a manual of
Armour
 v - a book of Clouds

   Spells                             Type                      Level
   a - Mephitic Cloud                 Conjuration/Poison/Air       3
   b - Conjure Flame                  Conjuration/Fire             3
   c - Poisonous Cloud                Conjuration/Poison/Air       6
   d - Freezing Cloud                 Conjuration/Ice/Air          6
   e - Ring of Flames                 Charms/Fire                  7
 y - a book of Changes

   Spells                             Type                      Level
   a - Beastly Appendage              Transmutation                1
   b - Sticks to Snakes               Transmutation                2
   c - Spider Form                    Transmutation/Poison         3
   d - Ice Form                       Ice/Transmutation            4
   e - Blade Hands                    Transmutation                5
 A - a book of Flames

   Spells                             Type                      Level
   a - Flame Tongue                   Conjuration/Fire             1
   b - Throw Flame                    Conjuration/Fire             2
   c - Conjure Flame                  Conjuration/Fire             3
   d - Inner Flame                    Hexes/Fire                   3
   e - Sticky Flame                   Conjuration/Fire             4
   f - Fireball                       Conjuration/Fire             5
 N - a book of Enchantments

   Spells                             Type                      Level
   a - Cause Fear                     Hexes                        4
   b - Yara's Violent Unravelling     Hexes/Transmutation          5
   c - Silence                        Hexes/Air                    5
   d - Deflect Missiles               Charms/Air                   6
   e - Discord                        Hexes                        8
Comestibles
 f - 15 bread rations
 i - 19 fruits
 l - 18 meat rations
 n - 9 beef jerkies
 r - 5 chunks of flesh
 u - 4 slices of pizza
 D - 3 royal jellies


   Skills:
 * Level 15.2 Fighting
 * Level 14.1 Short Blades
 + Level 15.0 Armour
 - Level 2.0 Dodging
 - Level 1.4 Stealth
 + Level 12.8 Shields
 + Level 9.1 Spellcasting
 + Level 10.8 Conjurations
 + Level 10.1 Ice Magic
 + Level 8.1 Air Magic


You had 26 spell levels left.
You knew the following spells:

 Your Spells              Type           Power        Failure   Level  Hunger
a - Freezing Cloud        Conj/Ice/Air   ###.......   100%        6    #######
b - Static Discharge      Conj/Air       ###.....     61%         3    ###....


Dungeon Overview and Level Annotations

Branches:
Dungeon (15/15)            Temple (1/1) D:4            Lair (6/6) D:10
 Shoals (2/4) Lair:2        Snake (4/4) Lair:2        Slime (0/5) Lair:6
    Orc (2/2) D:11            Elf (0/3) Orc:2        Vaults (0/5) D:13
 Depths (0/5) D:15

Altars:
Ashenzari
Cheibriados
Elyvilon
Kikubaaqudgha
Makhleb
Okawaru
Xom
Yredelemnul
The Shining One
Beogh

Shops:
D:6 %%(:   D:8 }   D:9 (   D:11 =   Orc:2 :%***   Snake:3 *

Portals:
Trove: D:14 (give 4 potions of cure mutation)
Ice
Cave: Shoals:2


Innate Abilities, Weirdness & Mutations

You are resistant to torment.
Your stone body is resilient. (AC +13)
You are immune to poison.
Your large and strong wings let you fly indefinitely.
You resist negative energy. (rN+)
You are resistant to electric shocks. (rElec)
You can survive without breathing.
You are immune to petrification.
You are immune to rotting.
You have a pair of small horns on your head.
Your body sometimes deteriorates upon taking damage.
You passively map a small area around you.
You regenerate slowly when monsters are visible.


Message History

The sea snake bites you but does no damage.
You block the death yak's attack. You block the death yak's attack.
You block the sea snake's attack.
The sea snake bites you but does no damage.
The death yak gores you but does no damage.
The death yak barely misses you.
The death yak gores you but does no damage.
The sea snake barely misses you. The death yak gores you.
* * * LOW HITPOINT WARNING * * *
The sea snake bites you but does no damage.
You block the death yak's attack. x2; You block the sea snake's attack.
You block the sea snake's attack. You block the sea snake's attack.
You block the death yak's attack. You block the sea snake's attack.
The death yak gores you but does no damage.
You block the sea snake's attack. You block the death yak's attack.
The death yak gores you.
* * * LOW HITPOINT WARNING * * *
The sea snake bites you!
You die...

≈........P.......≈≈≈≈≈≈≈≈≈≈≈≈≈≈≈≈
.)...#....≈..###..≈≈≈≈≈≈≈≈≈≈≈≈≈≈≈
..#..####....#####P≈≈≈≈≈≈≈≈≈≈≈≈≈≈
...........P......≈≈≈≈≈≈≈≈≈≈≈≈≈≈≈
##..............P.≈≈≈≈≈≈≈≈≈≈≈≈≈≈≈
####............≈≈≈≈≈≈≈≈≈≈≈≈≈≈≈≈≈
####...........≈≈≈≈≈≈≈≈≈≈≈≈≈≈≈≈≈≈
..##..........Y≈≈≈≈≈≈≈≈≈≈≈≈≈≈≈≈≈≈
...>........≈YYS@≈≈≈≈≈≈≈≈≈≈≈≈≈≈≈≈
≈..........≈≈≈≈≈≈≈≈≈≈≈≈≈≈≈≈≈≈≈≈≈≈
≈...≈......≈≈≈≈≈≈≈≈≈≈≈≈≈≈≈≈≈≈≈≈≈≈
≈≈.≈≈≈.....≈≈≈≈≈≈≈≈≈≈≈≈≈≈≈≈≈≈≈≈≈≈
≈≈≈≈≈}≈..^≈≈≈≈≈≈≈≈≈≈≈≈≈≈≈≈≈≈≈≈≈≈≈
≈≈≈≈≈≈..≈≈≈≈≈≈≈≈≈≈≈≈≈≈≈≈≈≈≈≈≈≈≈≈≈
≈≈≈≈≈...≈≈≈≈≈≈≈≈≈≈≈≈≈≈≈≈≈≈≈≈≈≈≈≈≈
≈≈≈≈≈....≈≈≈≈≈≈≈≈≈≈≈≈≈≈≈≈≈≈≈≈≈≈≈≈
≈≈≈≈......≈≈≈≈≈≈≈≈≈≈≈≈≈≈≈≈≈≈≈≈≈≈≈


You could see 3 death yaks and a sea snake.

Vanquished Creatures
  Nikola (Snake:4)
  Jorgrun (Snake:4)
  Rupert (D:13)
  Polyphemus (Shoals:2)
  Gastronok (Lair:2)
  Agnes (Snake:2)
  10 nagarajas (Snake:4)
  An orc warlord (Orc:2)
  Aizul (Snake:4)
  A juggernaut zombie (D:15)
  2 merfolk impalers (Shoals:1)
  Erolcha (D:13)
  2 hydras
  2 anacondas (Snake:3)
  15 naga warriors
  3 centaur warriors
  2 catoblepae
  Erica (D:8)
  2 merfolk aquamancers (Shoals:2)
  12 death yaks
  A deep troll shaman (Lair:6)
  8 naga sharpshooters
  8 orc high priests (Orc:2)
  4 shock serpents
  A titan skeleton (D:15)
  2 skeletal warriors (D:15)
  2 salamander mystics
  An unseen horror (D:14)
  A storm dragon skeleton (D:15)
  A sea snake (Shoals:1)
  A wizard (D:14)
  7 naga ritualists
  A wolf spider zombie (D:12)
  4 hill giants
  A phantasmal warrior (D:15)
  An orc knight (D:13)
  8 ugly things
  A necromancer (D:15)
  An orc sorcerer (Orc:2)
  9 mana vipers
  6 cyclopes
  3 fauns (Shoals:2)
  A deep elf mage (D:12)
  14 salamanders
  A stone giant zombie (D:15)
  8 manticores
  38 black mambas
  28 elephants
  20 guardian serpents
  24 naga magi
  A water nymph (Shoals:1)
  8 spiny frogs
  3 gargoyles
  3 centaur skeletons
  5 komodo dragons
  A tengu conjurer (D:14)
  3 meliai (D:15)
  13 merfolk
  A two-headed ogre (Orc:2)
  5 trolls
  3 blink frogs (Lair:5)
  8 dream sheep
  10 hippogriffs
  7 slime creatures
  4 polar bears
  3 snapping turtles
  Sigmund (D:2)
  A shadow (D:13)
  49 yaks
  5 water elementals
  A vampire (D:15)
  3 wyverns
  14 humans (D:13)
  A wraith (D:11)
  3 basilisks (D:15)
  Grum (D:10)
  2 chaos spawn (D:13)
  6 vampire mosquitoes (D:15)
  3 hungry ghosts
  52 nagas
  A mottled dragon (D:13)
  8 wargs
  A soldier ant (D:14)
  11 water moccasins
  Duvessa (D:7)
  Purgy (D:4)
  10 porcupines
  14 orc warriors
  3 sky beasts
  4 ice beasts
  A hornet zombie (D:10)
  A phantom (D:4)
  An eye of draining (D:11)
  4 black bears
  5 ogres
  3 necrophages
  14 wolves
  12 centaurs
  8 crocodiles
  3 big kobolds
  15 bullfrogs
  Dowan (D:7)
  8 scorpions
  A wyvern skeleton (D:7)
  14 killer bees
  10 wights
  2 howler monkeys
  4 crimson imps
  3 centaur zombies
  2 bullfrog zombies
  2 jellies
  A quasit (D:6)
  8 hounds
  34 orc priests
  2 bullfrog skeletons (D:13)
  Terence (D:2)
  4 iguanas
  10 orc wizards
  13 worker ants
  A hound zombie (D:7)
  A hound skeleton (D:4)
  A worker ant zombie (D:11)
  4 gnolls (D:2)
  A howler monkey zombie (D:5)
  18 adders
  A howler monkey skeleton (D:4)
  A river rat (D:3)
  A shadow imp (D:6)
  An ooze (D:2)
  An adder zombie (D:5)
  2 adder skeletons
  3 worms (D:3)
  A dart slug (D:1)
  8 leopard geckos
  74 orcs
  8 giant cockroaches
  5 goblins
  9 hobgoblins
  6 jackals
  2 quokkas
  4 ball pythons
  A ball python skeleton (D:4)
  8 bats
  3 frilled lizards
  A jackal zombie (D:8)
  28 kobolds
  A quokka skeleton (D:4)
  A quokka zombie (D:5)
  10 rats
  3 plants (D:10)
937 creatures vanquished.

Vanquished Creatures (collateral kills)
  A manticore (D:13)
  A human (D:13)
2 creatures vanquished.

Vanquished Creatures (others)
  A merfolk (Shoals:2)
  2 nagas (Snake:4)
  An orc (Orc:2)
  A bush (Lair:6)
  11 fungi
  4 plants
20 creatures vanquished.

Grand Total: 959 creatures vanquished

Notes
Turn   | Place    | Note
-------+----------+-------------------------------------------
     0 | D:1      | JeffiDaFish the Gargoyle Fighter began the quest for the Orb.
     0 | D:1      | Reached XP level 1. HP: 14/14 MP: 1/1
   104 | D:1      | Reached XP level 2. HP: 16/19 MP: 2/2
   504 | D:1      | Gained mutation: Your body sometimes deteriorates upon taking damage. [potion of mutation]
   504 | D:1      | Gained mutation: You passively map a small area around you. [potion of mutation]
   504 | D:1      | Gained mutation: You regenerate slowly when monsters are visible. [potion of mutation]
   761 | D:2      | Reached XP level 3. HP: 23/23 MP: 3/3
   863 | D:2      | Noticed Terence
   886 | D:2      | Killed Terence
   938 | D:2      | Reached XP level 4. HP: 26/28 MP: 4/4
  1093 | D:2      | Noticed Sigmund
  1103 | D:2      | Killed Sigmund
  1103 | D:2      | Reached XP level 5. HP: 18/33 MP: 5/5
  1103 | D:2      | Reached XP level 6. HP: 21/38 MP: 6/6
  2124 | D:3      | You fall through a shaft for 2 floors!
  2124 | D:5      | Entered Level 5 of the Dungeon
  2284 | D:4      | Reached skill level 5 in Shields
  2873 | D:4      | Reached XP level 7. HP: 43/43 MP: 7/7
  2914 | D:4      | Noticed Purgy
  2931 | D:4      | Killed Purgy
  2931 | D:4      | Reached skill level 1 in Dodging
  3227 | D:4      | Reached skill level 5 in Short Blades
  3260 | D:4      | Found a staircase to the Ecumenical Temple.
  3266 | Temple   | Entered the Ecumenical Temple
  3277 | Temple   | Became a worshipper of Makhleb the Destroyer
  4341 | D:5      | Reached XP level 8. HP: 29/48 MP: 8/8
  4581 | D:6      | Gained mutation: You have a pair of small horns on your head. [potion of beneficial mutation]
  4759 | D:6      | Found Ypnop's Food Emporium.
  4804 | D:6      | Reached skill level 5 in Armour
  4804 | D:6      | Reached skill level 1 in Stealth
  5032 | D:6      | Found Cucil's Weapon Emporium.
  5113 | D:6      | Found Funosox's Book Shoppe.
  5241 | D:6      | Found Duashro's Food Boutique.
  5248 | D:6      | Reached skill level 5 in Fighting
  5492 | D:7      | Learned a level 6 spell: Freezing Cloud
  5518 | D:7      | Reached XP level 9. HP: 49/54 MP: 9/9
  5553 | D:7      | Reached * piety under Makhleb
  5652 | D:7      | Reached skill level 1 in Conjurations
  5708 | D:7      | Noticed Duvessa
  5711 | D:7      | Noticed Dowan
  5718 | D:7      | Killed Duvessa
  5718 | D:7      | Reached skill level 1 in Ice Magic
  5734 | D:7      | Killed Dowan
  5975 | D:7      | Reached skill level 1 in Spellcasting
  5979 | D:7      | Found a basalt altar of Yredelemnul.
  5998 | D:7      | Reached skill level 1 in Air Magic
  6538 | D:8      | Reached ** piety under Makhleb
  6844 | D:8      | Reached XP level 10. HP: 60/61 MP: 12/12
  6947 | D:8      | Noticed Erica
  6958 | D:8      | Killed Erica
  7287 | D:8      | Found Vago's Gadget Shoppe.
  7593 | D:9      | Found Xicoa's Weapon Shop.
  7607 | D:9      | Reached *** piety under Makhleb
  8062 | D:10     | Entered Level 10 of the Dungeon
  8329 | D:10     | Found a staircase to the Lair.
  8398 | D:10     | Noticed Grum
  8433 | D:10     | Reached **** piety under Makhleb
  8444 | D:10     | Killed Grum
  8444 | D:10     | Reached XP level 11. HP: 53/68 MP: 15/15
  8887 | Lair:1   | Entered Level 1 of the Lair of Beasts
  9063 | Lair:1   | Identified the +6 battleaxe "Poest" {drain, rF- rN++ Int+4} (You found it on level 1 of the Lair of Beasts)
  9641 | Lair:2   | Found a staircase to the Snake Pit.
  9746 | Lair:2   | Found a staircase to the Shoals.
  9840 | Lair:2   | Noticed Gastronok
  9860 | Lair:2   | Killed Gastronok
 10092 | Lair:2   | Reached skill level 5 in Conjurations
 10344 | Lair:3   | Reached XP level 12. HP: 76/76 MP: 18/18
 10357 | Lair:3   | Reached skill level 5 in Ice Magic
 10627 | Lair:3   | Reached ***** piety under Makhleb
 10903 | Lair:3   | Reached skill level 10 in Fighting
 11688 | Lair:4   | You fall through a shaft!
 11708 | Lair:5   | Noticed a death yak
 11709 | Lair:5   | Noticed a death yak
 11709 | Lair:5   | Noticed a death yak
 11710 | Lair:5   | Noticed a death yak
 11728 | Lair:5   | Killed a death yak
 11728 | Lair:5   | Reached skill level 10 in Short Blades
 11741 | Lair:5   | Killed a death yak
 11741 | Lair:5   | Reached skill level 5 in Spellcasting
 11759 | Lair:5   | Killed a death yak
 11780 | Lair:5   | Killed a death yak
 11838 | Lair:5   | Reached XP level 13. HP: 83/83 MP: 20/20
 12608 | Lair:6   | Entered Level 6 of the Lair of Beasts
 12713 | Lair:6   | Found a staircase to the Slime Pits.
 12934 | Lair:6   | Reached skill level 10 in Shields
 13231 | Lair:6   | Reached skill level 5 in Air Magic
 13310 | Lair:6   | Gained mutation: Your large and strong wings let you fly indefinitely. [Gargoyle growth]
 13310 | Lair:6   | Reached XP level 14. HP: 73/90 MP: 23/23
 13417 | Lair:6   | Identified the +3 mace of the Swamp {antimagic, -Tele rN++ MR+++ Int-3 Stlth+} (You found it on level 6 of the Lair of Beasts)
 14194 | Lair:4   | You fall through a shaft for 2 floors!
 14544 | D:11     | Found Ajumehez's Jewellery Shop.
 14748 | D:11     | Reached ****** piety under Makhleb
 14813 | D:11     | Found a staircase to the Orcish Mines.
 15234 | Orc:1    | Entered Level 1 of the Orcish Mines
 15284 | Orc:1    | You fall through a shaft!
 15284 | Orc:2    | Entered Level 2 of the Orcish Mines
 15735 | Orc:2    | Noticed an orc warlord
 15820 | Orc:2    | Killed an orc warlord
 15890 | Orc:2    | Found a roughly hewn altar of Beogh.
 15898 | Orc:2    | Found Qookk's General Store.
 15934 | Orc:2    | Found Woczoatigi's General Store.
 16075 | Orc:2    | Found a staircase to the Elven Halls.
 16157 | Orc:2    | Found Paxtoonk's Practical Paraphernalia.
 16247 | Orc:2    | Found Oxufaf's Food Emporium.
 16256 | Orc:2    | Found Lysk's Book Boutique.
 16450 | Orc:2    | Bought a manual of Armour for 1214 gold pieces
 16454 | Orc:2    | Learned a level 3 spell: Static Discharge
 17196 | D:12     | Reached XP level 15. HP: 71/97 MP: 25/25
 17203 | D:12     | Reached skill level 10 in Armour
 17557 | D:13     | Found a gate to the Vaults.
 17557 | D:13     | Noticed Rupert
 17700 | D:13     | Noticed Erolcha
 17708 | D:13     | Killed Erolcha
 17843 | D:13     | Found a shimmering altar of Xom.
 17932 | D:13     | Killed Rupert
 18708 | D:14     | Identified the cursed +0 trident "Tormentor" {drain, Dex+3} (You found it on level 14 of the Dungeon)
 18725 | D:14     | Found a portal to a secret trove of treasure.
 19445 | D:15     | Entered Level 15 of the Dungeon
 19930 | D:15     | Found a staircase to the Depths.
 20728 | Snake:1  | Entered Level 1 of the Snake Pit
 20892 | Snake:1  | Reached XP level 16. HP: 104/104 MP: 27/27
 21873 | Snake:2  | Noticed Agnes
 21895 | Snake:2  | Killed Agnes
 22392 | Snake:3  | Found Zomuoraell's General Store.
 22695 | Snake:3  | Noticed a nagaraja
 23597 | Snake:4  | Entered Level 4 of the Snake Pit
 23597 | Snake:4  | Noticed Aizul
 23615 | Snake:4  | HP: 1/106 [Aizul (9)]
 23621 | Snake:4  | Noticed Nikola
 23647 | Snake:4  | Killed Nikola
 23660 | Snake:4  | Reached XP level 17. HP: 38/111 MP: 29/29
 24045 | Snake:4  | Reached skill level 10 in Conjurations
 24820 | Snake:4  | Killed Aizul
 25350 | Snake:4  | Noticed Jorgrun
 25374 | Snake:4  | HP: 4/112 [nagaraja (12)]
 25389 | Snake:4  | Killed Jorgrun
 26058 | Snake:4  | Reached skill level 10 in Ice Magic
 26102 | Snake:4  | Got a serpentine rune of Zot
 26354 | Shoals:1 | Entered Level 1 of the Shoals
 26372 | Shoals:1 | Reached XP level 18. HP: 114/118 MP: 31/31
 26741 | Shoals:1 | Reached skill level 15 in Fighting
 27388 | Shoals:2 | Found a frozen archway.
 27521 | Shoals:2 | Noticed Polyphemus
 27553 | Shoals:2 | Killed Polyphemus
 27553 | Shoals:2 | Reached skill level 15 in Armour
 27597 | Shoals:1 | Slain by a sea snake

Vault maps used:
D:1:      noname_arrival_rooms_in_the_neighbourhood
D:2:      first_bread, minmay_joined_circles, uniq_sigmund, uniq_terence
D:3:      gup_sewer_entry_bubbles
D:4:      uniq_purgy
D:6:      serial_shops, kennysheep_little_box, shop_statue, shop,
          nicolae_shop_window_shopping
D:7:      basic_altar, uniq_duvessa
D:8:      serial_shops, nicolae_shop_window_shopping, uniq_erica
D:9:      serial_shops, shop
D:10:     david_lair_shrubbed, uniq_grum
D:11:     old_forge, serial_shops, shop
D:12:     hangedman_fish_farm
D:13:     david_vaults_3, minmay_guarded_unrand_variability, uniq_erolcha
D:14:     trove_entry_hex_spiral
D:15:     gammafunk_depths_entry_grave, dk_noncrumbling_2, patterned_corridor
Temple:   nicolae_temple_the_god_donut
Lair:2:   minmay_shoals_entry_centaurs, dummy_snake_entry,
          infiniplex_staircase_pool_2, grunt_megastairs_2, uniq_gastronok
Lair:3:   st_stairs_8, grunt_megastairs_5
Lair:4:   beast_lair_carwin_11
Lair:5:   lab_entry_generic
Lair:6:   grunt_lair_end_beastmaster, slime_dummy
Shoals:1: ldierk_geyser, nicolae_shoals_stone_sculpture_thing
Shoals:2: argonaut_golden_fleece, portal_ice_cave_entry_pillars_1,
          uniq_polyphemus
Snake:1:  grunt_ministairs_11, st_stairs_3
Snake:2:  uniq_agnes
Snake:3:  serial_shops, nicolae_shop_waterfront, grunt_megastairs_3,
          lemuel_fruit_tree
Snake:4:  snake_hunt, grunt_ministairs_12, hangedman_snake_thin_pillar_pass,
          hangedman_snake_corridor_cut, uniq_jorgrun, uniq_nikola, uniq_aizul
Orc:1:    lightli_volcano_entry_magma_tube, uniq_snorg
Orc:2:    st_orc_town, nicolae_alphabet_shops

Skill      XL: |  1  2  3  4  5  6  7  8  9 10 11 12 13 14 15 16 17 18 |
---------------+-------------------------------------------------------+-----
Short Blades   | 2 3 4 5 6 7 8 9 10 11 12 13 14 | 14.1
Shields        | 4 5 7 8 9 10 11 12 | 12.8
Fighting       | 4 5 6 8 9 10 11 12 13 14 15 | 15.2
Armour         | 4 5 6 7 8 9 12 13 14 15 | 15.0
Dodging        | 1 2 |  2.0
Stealth        | 1 |  1.4
Conjurations   | 2 4 5 6 7 8 9 10 | 10.8
Ice Magic      | 2 3 4 5 7 8 9 10 | 10.1
Spellcasting   | 1 3 4 5 6 7 8 9 |  9.1
Air Magic      | 1 2 3 4 5 6 7 8 |  8.1

Action                   |  1- 3 |  4- 6 |  7- 9 | 10-12 | 13-15 | 16-18 || total
-------------------------+-------+-------+-------+-------+-------+-------++-------
Melee: Rapier            |    81 |   239 |   393 |   876 |  1787 |  1812 ||  5188
       Headbutt          |       |       |    52 |   200 |   607 |   546 ||  1405
Invok: Minor Destruction |       |       |     2 |     1 |       |       ||     3
       Lesser Servant of |       |       |       |       |       |     1 ||     1
 Abil: Evoke Invisibilit |       |       |       |       |     2 |       ||     2
       Fly               |       |       |       |       |       |     2 ||     2
       Stop Flying       |       |       |       |       |       |     1 ||     1
  Use: Scroll            |     7 |     7 |    10 |     6 |    12 |    13 ||    55
       Potion            |     3 |     6 |     5 |     2 |    10 |    14 ||    40
 Stab: Invisible         |       |       |       |       |     3 |       ||     3
  Eat: Chunk             |       |    16 |    18 |    24 |    33 |    19 ||   110
       Fruit             |       |       |       |       |       |     1 ||     1
       Bread ration      |       |       |       |       |       |     1 ||     1
Armor: Scale mail        |    26 |    72 |    47 |       |       |       ||   145
       Plate armour      |       |       |   110 |    27 |       |       ||   137
       Crystal plate arm |       |       |       |   461 |   875 |  1085 ||  2421
Dodge: Dodged            |    21 |    51 |    54 |    51 |   167 |   185 ||   529
Block: Shield            |    36 |    88 |       |       |       |       ||   124
       Large shield      |       |    54 |   315 |   745 |  1570 |  1790 ||  4474
